 Dungeon Sprint DCSS version 0.31-a0-331-geda263fcf1 (webtiles) character file.

Game seed: 13640028528389637782

3112 dialectric the Ninja (level 9, -14/49 HPs)
             Began as a Spriggan Brigand on July 19, 2023.
             Was a Priest of Trog.
             Shot with an arrow by a centaur warrior (27 damage)
             ... in the Dungeon (Sprint I: "Red Sonja").
             The game lasted 00:02:05 (386 turns).

dialectric the Ninja (Spriggan Brigand)              Turns: 386, Time: 00:02:06

Health: -14/49     AC:  3    Str:  7      XL:     9   Next: 60%
Magic:  9/9        EV: 22    Int: 12      God:    Trog [***...]
Gold:   811        SH:  0    Dex: 20 (21) Spells: 8/8 levels left

rFire   . . .        a - +2 dagger
rCold   . . .        (no shield)
rNeg    . . .        b - +0 robe
rPois   .            (helmet restricted)
rElec   .            c - +0 cloak
rCorr   .            (gloves unavailable)
SInv    +            (boots unavailable)
Will    +....        (no amulet)
Stlth   ++++++++++   (no ring)
HPRegen 0.28/turn    (no ring)
MPRegen 0.11/turn

%: no teleportation
@: very quick
A: very small, no large weapons, unfitting armour, see invisible, speed 3,
deterioration 1, low MP 1
a: Renounce Religion, Berserk, Trog's Hand


You were in the Dungeon.
You worshipped Trog.
Trog was most pleased with you.
You visited 1 branch You collected 811 gold pieces.

Inventory:

Hand Weapons
 a - a +2 dagger (weapon)
Missiles
 d - 9 poisoned darts (quivered)
 e - 8 curare-tipped darts
Armour
 b - a +0 robe (worn)
 c - a +0 cloak (worn)
Wands
 l - a wand of light (7)
Scrolls
 k - a scroll of blinking
 m - a scroll of vulnerability {unknown}
 o - a scroll of identify {unknown}
Potions
 f - 3 potions of curing
 g - a potion of heal wounds
 h - a potion of haste
 i - 2 potions of magic
 j - a potion of berserk rage
 n - a potion of brilliance {unknown}


   Skills:
 + Level 6.4 Fighting
 + Level 10.0 Short Blades
 - Level 2.5 Throwing
 + Level 6.6 Dodging
 O Level 27 Stealth


You had 8 spell levels left.
You didn't know any spells.
Your spell library was empty.

Dungeon Overview and Level Annotations

Branches:
Dungeon (1/1)

Altars:
Cheibriados
Dithmenos
Elyvilon
Fedhas
Gozag
Hepliaklqana
Kikubaaqudgha
Makhleb
Nemelex Xobeh
Okawaru
Qazlal
Ru
Sif Muna
Trog
Uskayaw
Vehumet
Wu Jian
Xom
Yredelemnul
Zin
The Shining One
Jiyva
Lugonu

Shops:
D [([


Innate Abilities, Weirdness & Mutations

You are very small and have problems with some larger weapons.
You are too small for most types of armour.
You have supernaturally acute eyesight. (SInv)
You cover ground extremely quickly. (Speed+++)
Your body sometimes deteriorates upon taking damage.
Your magical capacity is low. (-10% MP)


Message History

Your Short Blades skill gained 2 levels and is now at level 10!
Your Dodging skill increases to level 6!
You now have 709 gold pieces (gained 27).
There is an open door here.
You now have 736 gold pieces (gained 27).
You see here a deep troll corpse.
You now have 763 gold pieces (gained 27).
You now have 790 gold pieces (gained 27).
You open the door.
Found a long sword and a leather armour.
Found Hacirph's Armour Emporium.
There is an open door here.
You see here a +0 long sword.
There is an entrance to Hacirph's Armour Emporium here.
You see here a +0 long sword.
There is an open door here.
You open the door.
Found 19 gold pieces.
Found a scroll labelled JYKLAO XEERIME and 2 gold pieces.
There is an open door here.
You now have 800 gold pieces (gained 10).
You now have 809 gold pieces (gained 9).
o - a scroll labelled JYKLAO XEERIME You now have 811 gold pieces (gained 2).
You open the door. 2 centaur warriors come into view.
Found 10 stones.
There is an open door here.
You enter the shallow water.
Moving in this stuff is going to be slow.
The centaur warrior shouts! x2
The centaur warrior wields a +0 orcbow.
The centaur warrior shoots an arrow.
The arrow hits you!!
The centaur warrior wields a +0 shortbow.
The centaur warrior shoots an arrow.
The arrow hits you!
* * * LOW HITPOINT WARNING * * *
Your body deteriorates!
You feel clumsy.
The centaur warrior shoots an arrow.
The arrow hits you!!
Ouch! That really hurt!
You die...

#########################
<.#.)'..#.)'..#__#..+s.)#
..'..#.)'..#..'..'..#...##+#
..#####+#####'#__####)s.ss.#
..#### #...#.####§§#####..+
..#__####..##.#§~§.§# +##
..#_____##'#_.+§§§c§+
⌠⌠#_.∩..†'..._#§§§c§#
###_..__##_.#'##@####
#_____###'#.#....###
###########.####'###[##
∩........+...'..†..')∩#
##''''####.).##########
..G....####.###
G..G....#.#'#.#
..#.....#.....#
...G....#..)..#


You could see 2 centaur warriors.

Vanquished Creatures
  Sonja (D)
  A deep troll (D)
  2 shining eyes (D)
  2 kobold demonologists (D)
  A slime creature (D)
  Sigmund (D)
  A yak (D)
  2 floating eyes (D)
  An ogre (D)
  A jelly (D)
  Ijyb (D)
  A ballistomycete spore (D)
15 creatures vanquished.

Vanquished Creatures (others)
  A ballistomycete spore (D)
1 creature vanquished.

Grand Total: 16 creatures vanquished

Notes
Turn   | Place    | Note
-------+----------+-------------------------------------------
     0 | D        | dialectric the Spriggan Brigand began the quest for the
                  | Orb.
     0 | D        | Reached XP level 1. HP: 10/10 MP: 2/2
     2 | D        | Noticed Ijyb
     4 | D        | Killed Ijyb
     5 | D        | Reached skill level 9 in Stealth
     5 | D        | Reached XP level 2. HP: 15/15 MP: 3/3
     9 | D        | Noticed an ogre
    11 | D        | Killed an ogre
    12 | D        | Reached skill level 13 in Stealth
    12 | D        | Reached XP level 3. HP: 19/19 MP: 4/4
    12 | D        | Reached XP level 4. HP: 23/23 MP: 5/5
    14 | D        | Noticed Sigmund
    16 | D        | Killed Sigmund
    17 | D        | Reached skill level 17 in Stealth
    17 | D        | Reached XP level 5. HP: 28/28 MP: 6/6
    17 | D        | Reached XP level 6. HP: 32/32 MP: 7/7
    29 | D        | Found a shimmering blue altar of Sif Muna.
    30 | D        | Found an ornate altar of the Wu Jian Council.
    31 | D        | Found a radiant altar of Vehumet.
    49 | D        | Found Cirgh's Antique Weapon Emporium.
    49 | D        | Found an ancient bone altar of Kikubaaqudgha.
    49 | D        | Found a hazy altar of Hepliaklqana.
    49 | D        | Found a hide-covered altar of Uskayaw.
    49 | D        | Found a basalt altar of Yredelemnul.
    49 | D        | Found an opulent altar of Gozag.
    49 | D        | Found a snail-covered altar of Cheibriados.
    49 | D        | Found a sacrificial altar of Ru.
    49 | D        | Found a shadowy altar of Dithmenos.
    49 | D        | Noticed a yak
    50 | D        | Found a stormy altar of Qazlal.
    50 | D        | Found a blossoming altar of Fedhas.
    50 | D        | Found a bloodstained altar of Trog.
    50 | D        | Found an iron altar of Okawaru.
    50 | D        | Found a glowing golden altar of the Shining One.
    50 | D        | Found a glowing silver altar of Zin.
    50 | D        | Found a white marble altar of Elyvilon.
    51 | D        | Killed a yak
    52 | D        | Reached skill level 5 in Short Blades
    52 | D        | Reached skill level 19 in Stealth
    52 | D        | Found a sparkling altar of Nemelex Xobeh.
    60 | D        | Became a worshipper of Trog the Wrathful
    82 | D        | Found a burning altar of Makhleb.
    82 | D        | Found a shimmering altar of Xom.
    82 | D        | Noticed a slime creature
    83 | D        | Found a viscous altar of Jiyva.
    83 | D        | Found a corrupted altar of Lugonu.
    85 | D        | Killed a slime creature
    86 | D        | Reached skill level 20 in Stealth
    86 | D        | Reached XP level 7. HP: 37/37 MP: 8/8
    98 | D        | Noticed a kobold demonologist
    99 | D        | Noticed a kobold demonologist
   101 | D        | Killed a kobold demonologist
   101 | D        | Reached * piety under Trog
   102 | D        | Reached skill level 22 in Stealth
   104 | D        | Killed a kobold demonologist
   104 | D        | Reached ** piety under Trog
   105 | D        | Reached skill level 23 in Stealth
   105 | D        | Reached XP level 8. HP: 42/42 MP: 9/9
   106 | D        | Noticed a demonic crawler
   106 | D        | Noticed a demonic crawler
   106 | D        | Noticed a demonic crawler
   106 | D        | Noticed a demonic crawler
   254 | D        | Noticed Sonja
   258 | D        | Killed Sonja
   259 | D        | Reached skill level 5 in Fighting
   259 | D        | Reached skill level 25 in Stealth
   275 | D        | Found Sedghiol's Armour Boutique.
   293 | D        | Noticed a shining eye
   293 | D        | Noticed a shining eye
   293 | D        | Noticed a shining eye
   294 | D        | Noticed a shining eye
   294 | D        | Noticed a shining eye
   294 | D        | Noticed a shining eye
   295 | D        | Noticed a shining eye
   295 | D        | Noticed a shining eye
   296 | D        | Killed a shining eye
   297 | D        | Reached skill level 5 in Dodging
   297 | D        | Reached skill level 26 in Stealth
   297 | D        | Reached XP level 9. HP: 47/47 MP: 10/10
   297 | D        | Gained mutation: Your body sometimes deteriorates upon
                  | taking damage. [a shining eye]
   298 | D        | Reached *** piety under Trog
   300 | D        | Killed a shining eye
   301 | D        | Reached skill level 27 in Stealth
   302 | D        | Gained mutation: Your magical capacity is low. (-10% MP) [a
                  | shining eye]
   348 | D        | Noticed a deep troll
   352 | D        | Killed a deep troll
   353 | D        | Reached skill level 10 in Short Blades
   364 | D        | Found Hacirph's Armour Emporium.
   384 | D        | Noticed a centaur warrior
   384 | D        | Noticed a centaur warrior
   386 | D        | Shot with an arrow by a centaur warrior

Illustrated notes

Levels and vault maps discovered:
D:        dungeon_sprint_1 [red_sonja_temple_1, red_sonja_temple_small_1]

Skill      XL: |  1  2  3  4  5  6  7  8  9 |
---------------+----------------------------+-----
Fighting       | 2 3 4 5 6 |  6.4
Stealth        | 9 13 17 20 23 26 27 | 27.0
Short Blades   | 3 4 6 7 8 10 | 10.0
Dodging        | 2 3 4 5 6 |  6.6
Throwing       | |  2.5

Action                     |  1- 3 |  4- 6 |  7- 9 || total
---------------------------+-------+-------+-------++-------
  Melee: Dagger            |     2 |     4 |    10 ||    16
  Throw: Dart              |       |       |     1 ||     1
   Stab: Sleeping          |     2 |     4 |     8 ||    14
 Armour: Robe              |       |       |     1 ||     1
  Dodge: Dodged            |       |       |     7 ||     7

Table legend: (Time is in decaauts)
 A = Elapsed time spent in this place.
 B = Non-inter-level travel time spent in this place.
 C = Inter-level travel time spent in this place.
 D = Time resting spent in this place.
 E = Time spent auto-exploring this place.
 F = Levels seen in this place.
 G = Mean time per level.
                   A        B        C        D        E       F      G
               +--------+--------+--------+--------+--------+-----+--------+
         Total |    309 |    309 |      0 |    125 |      0 |   1 |  309.0 |
       Dungeon |    309 |    309 |      0 |    125 |      0 |   1 |  309.0 |
               +--------+--------+--------+--------+--------+-----+--------+

Top non-repeatable levels by time:
       D: 309 daAuts
